 Dungeon Crawl Stone Soup version 0.30-a0-364-gf6b3ef1049 (webtiles) character file.

Game seed: 10064213578034282646

89665 ragingrage the Unseen (level 15, -1/124 HPs)
             Began as a Merfolk Chaos Knight on Nov 15, 2022.
             Was a Plaything of Xom.
             Slain by an alligator snapping turtle (23 damage)
             ... on level 1 of the Shoals.
             The game lasted 00:53:41 (25176 turns).

ragingrage the Unseen (Merfolk Chaos Knight)       Turns: 25176, Time: 00:53:41

Health: -1/124     AC: 17    Str: 11      XL:     15   Next: 98%
Magic:  15/15      EV: 24    Int: 11 (12) God:    Xom [..*...]
Gold:   1852       SH: 14    Dex: 20      Spells: 14/14 levels left

rFire   + . .      SeeInvis .    a - +5 scimitar
rCold   + . .      Faith    .    g - +0 kite shield
rNeg    . . .      Spirit   .    M - +2 leather armour {rF+}
rPois   .          Reflect  .    (helmet restricted)
rElec   +          Harm     .    (no cloak)
rCorr   .          Rampage  .    I - +0 pair of gloves
Will    +....                    (boots currently unavailable)
Stlth   +++++++...               s - amulet of magic regeneration
HPRegen 1.20/turn                q - +4 ring of protection
MPRegen 0.54/turn                D - +4 ring of protection

@: studying Earth Magic, unable to drink, very quick
A: nimble swimmer 2, mertail, antennae 1, iridescent scales 1, cold resistance
1, deterioration 1, mutation resistance 1, passive freeze, sense surroundings 1,
regeneration 1, electricity resistance, weak 1, inability to drink after injury
1, MP-powered wands
a: Renounce Religion


You were on level 1 of the Shoals.
You worshipped Xom.
You were a toy of Xom.
You visited 4 branches of the dungeon, and saw 23 of its levels.
You also visited: Sewer and Ice Cave.

You collected 2458 gold pieces.
You spent 606 gold pieces at shops.

Inventory:

Hand Weapons
 a - a +5 scimitar (weapon)
 b - a +2 short sword of flaming
 e - a +0 scimitar of flaming
 k - a +3 longbow of flaming
Missiles
 j - 3 throwing nets
 w - 6 javelins
 N - 32 poisoned darts
 R - 6 silver javelins
 Z - 3 curare-tipped darts
Armour
 d - a +2 robe of cold resistance
 g - a +0 kite shield (worn)
 x - a +1 pair of boots (melded)
 I - a +0 pair of gloves (worn)
 M - a +2 leather armour of fire resistance (worn)
 Q - a +4 scale mail of positive energy
Jewellery
 q - a +4 ring of protection (left hand)
 s - an amulet of magic regeneration (around neck)
 C - a ring of ice
 D - a +4 ring of protection (right hand)
Wands
 f - a wand of light (10)
 H - a wand of iceblast (22)
 P - a wand of polymorph (5)
 U - a wand of flame (34)
Scrolls
 l - a scroll of magic mapping
 m - 3 scrolls of vulnerability
 r - 8 scrolls of identify
 y - a scroll of fear
 E - 4 scrolls of immolation
 J - 4 scrolls of blinking
 K - 3 scrolls of poison
 L - a scroll of enchant weapon
 W - 7 scrolls of teleportation
 X - 4 scrolls of fog
Potions
 i - 2 potions of brilliance
 n - 3 potions of invisibility
 o - 5 potions of mutation
 p - a potion of haste
 t - a potion of berserk rage
 u - a potion of cancellation
 v - 5 potions of curing
 z - 3 potions of lignification
 A - 9 potions of heal wounds
 B - 5 potions of might
 F - 3 potions of ambrosia
 O - a potion of attraction
 S - 2 potions of magic
 V - 4 potions of flight
 Y - 2 potions of resistance
Miscellaneous
 c - a piece from Xom's chessboard (15/15) (quivered)
 h - a phial of floods
 T - a lightning rod (4/4)


   Skills:
 + Level 13.5 Fighting
 - Level 14.0 Long Blades
 + Level 5.8 Armour
 + Level 12.9 Dodging
 - Level 15.0 Stealth
 + Level 13.5 Shields
 - Level 11.0 Evocations


You had 14 spell levels left.
You didn't know any spells.
Your spell library contained the following spells:

 Spells                   Type           Power      Damage    Failure   Level
 Kiss of Death            Conj/Necr      0%         2d5       65%         1
 Confusing Touch          Hex            0%         N/A       95%         3
 Dazzling Flash           Conj/Hex       0%         N/A       95%         3
 Gell's Gravitas          Tloc           0%         N/A       95%         3
 Hailstorm                Conj/Ice       0%         3d3       95%         3
 Lesser Beckoning         Tloc           0%         N/A       95%         3
 Teleport Other           Tloc           0%         N/A       95%         3
 Airstrike                Air            0%         2d(0-16)  100%        4
 Dispel Undead            Necr           0%         3d6       100%        4
 Ice Form                 Ice/Tmut       0%         N/A       100%        4
 Iskenderun's Mystic Bla  Conj/Tloc      0%         2d3       100%        4
 Leda's Liquefaction      Hex/Erth       0%         N/A       100%        4
 Summon Lightning Spire   Summ/Air       0%         N/A       100%        4
 Lee's Rapid Deconstruct  Erth           0%         3d4*      100%        5
 Lightning Bolt           Conj/Air       0%         1d11      100%        5
 Yara's Violent Unravell  Hex/Tmut       0%         3d3       100%        5
 Simulacrum               Ice/Necr       0%         N/A       100%        6
 Starburst                Conj/Fire      0%         6d3       100%        6
 Statue Form              Tmut/Erth      0%         N/A       100%        6
 Enfeeble                 Hex            0%         N/A       100%        7


Dungeon Overview and Level Annotations

Branches:
Dungeon (15/15)            Temple (0/1) D:7            Lair (5/5) D:8
 Shoals (1/4) Lair:2       Spider (0/4) Lair:3        Slime (0/5) Lair:5
    Orc (visited)             Elf (0/3) Orc:2        Vaults (0/5) D:13
  Sewer (visited)           IceCv (visited)
 Depths: D:15

Altars:
Dithmenos
Fedhas
Gozag
Kikubaaqudgha
Makhleb
Okawaru
Qazlal
Ru
Trog
Uskayaw
Vehumet
Xom
Yredelemnul
Lugonu

Shops:
D:1 ((   D:7 [   D:10 !   Orc:2 (?(!

Portals:
Abyss: D:11
Trove: D:15 (give +2 storm dragon scales)

Annotations:
D:3 3 runed translucent doors, Hubris850's ghost, amateur MfTm
D:5 2 transporters, hikkokomori's ghost, novice GrEE
D:8 6 runed translucent doors, Lobster4's ghost, novice TeAE; ambi's ghost, novice HOMo
D:10 Nergalle
D:14 1 runed translucent door, exclusion: upstairs, Yxemm's ghost, journeyman TeCj
D:15 exclusion: door
Lair:1 exclusion: oklob plant
Lair:3 exclusion: downstairs
Shoals:1 exclusions: kraken and sea snake
Orc:1 2 transporters, Chaicat's ghost, journeyman GnFi


Innate Abilities, Weirdness & Mutations

You are very nimble when in or above water. (Stealth+, EV+, Speed+++)
Your lower body shifts to a powerful aquatic tail in water.
You have a pair of small antennae on your head.
You are partially covered in iridescent scales. (AC +2)
Your flesh is cold resistant. (rC+)
Your body sometimes deteriorates upon taking damage.
You are somewhat resistant to further mutation.
A frigid envelope surrounds you and freezes all who hurt you.
You passively map a small area around you.
Your natural rate of healing is unusually fast.
You are resistant to electric shocks. (rElec)
You are weak. (Str -2)
You occasionally lose the ability to drink potions when taking damage.
You expend magic power (3 MP) to strengthen your wands.


Message History

You tail-slap the alligator snapping turtle, but do no damage.
The alligator snapping turtle is severely wounded.
You hit the alligator snapping turtle.
You tail-slap the alligator snapping turtle, but do no damage.
The alligator snapping turtle is severely wounded.
You block the alligator snapping turtle's attack.
You slash the alligator snapping turtle!
You tail-slap the alligator snapping turtle.
The alligator snapping turtle is severely wounded.
The alligator snapping turtle bites you!!
Your body deteriorates!
You feel dopey.
The alligator snapping turtle is very cold.
The alligator snapping turtle seems to slow down.
The alligator snapping turtle is severely wounded.
You hit the alligator snapping turtle.
The alligator snapping turtle is almost dead.
You hit the alligator snapping turtle.
The alligator snapping turtle is almost dead.
The alligator snapping turtle bites you.
The alligator snapping turtle is very cold.
The alligator snapping turtle is almost dead.
You hit the alligator snapping turtle but do no damage.
You tail-slap the alligator snapping turtle.
The alligator snapping turtle is almost dead.
You hit the alligator snapping turtle.
The alligator snapping turtle is almost dead.
The alligator snapping turtle completely misses you.
You hit the alligator snapping turtle.
The alligator snapping turtle is almost dead.
You hit the alligator snapping turtle but do no damage.
The alligator snapping turtle is almost dead.
The alligator snapping turtle bites you!!
You feel threatened and lose the ability to drink potions!
* * * LOW HITPOINT WARNING * * *
You hit the alligator snapping turtle but do no damage.
The alligator snapping turtle is almost dead.
You hit the alligator snapping turtle.
The alligator snapping turtle is almost dead.
The alligator snapping turtle bites you!!
You die...

~~~≈≈~~~~~~~~~~~~~~~≈≈≈
~~~≈≈≈≈~..~....~~~~~~≈≈≈ ~
~~~≈≈≈≈≈≈~~~...~~~~~~≈≈≈≈
≈≈≈≈≈≈≈≈≈≈~~~~~~~~~~≈≈≈≈≈
~~
≈≈≈≈≈≈≈≈≈≈≈≈~~~~≈≈≈≈≈≈≈≈≈
≈≈≈≈≈≈≈≈≈≈≈≈≈≈≈≈≈≈≈≈≈≈≈≈≈
≈≈≈≈≈≈≈≈≈≈≈≈≈≈≈≈≈≈≈≈≈≈≈≈≈
≈≈≈≈≈≈≈≈t≈≈≈≈≈≈≈≈≈≈≈≈≈≈≈≈ ~
~~≈≈≈≈≈≈≈≈@≈≈≈≈≈≈≈≈≈≈≈≈≈≈≈≈
~ ~
≈≈≈≈≈≈≈≈≈≈≈≈≈≈≈≈≈≈≈≈≈≈≈≈≈ ~
#########################


You could see an alligator snapping turtle (slow).

Vanquished Creatures
  Jorgrun (D:10)
  Agnes (D:14)
  A fire dragon (D:15)
  8 vault guards (D:13)
  A caustic shrike simulacrum (IceCv)
  4 hydras
  An ogre mage (D:12)
  A catoblepas (Lair:2)
  3 two-headed ogres (D:12)
  A boulder beetle (D:15)
  9 centaur warriors
  Urug (Orc:1)
  5 death yaks (Lair:3)
  2 orc high priests (Orc:2)
  3 skeletal warriors
  A sea snake (Shoals:1)
  A death drake (D:8)
  A lindwurm (Lair:5)
  A spriggan simulacrum (IceCv)
  3 harpies (Shoals:1)
  A deep elf pyromancer (D:14)
  5 orc knights
  5 orc sorcerers
  11 ugly things
  A salamander (shapeshifter) (D:14)
  4 manticores
  2 elephants
  6 cyclopes
  A merfolk siren (Shoals:1)
  A guardian serpent (shapeshifter) (D:13)
  4 black mambas
  6 cane toads
  3 unseen horror zombies (D:9)
  2 gargoyles
  A rime drake (Lair:4)
  A kobold demonologist (D:11)
  A freezing wraith (IceCv)
  An efreet (D:15)
  2 ice devils (IceCv)
  14 komodo dragons
  4 polar bears
  6 trolls
  4 merfolk
  3 meliai
  7 hornets
  10 blink frogs
  A dream sheep (Lair:5)
  15 spriggans
  A centaur simulacrum (D:14)
  A wraith (D:11)
  A vampire (D:10)
  Sigmund (D:5)
  2 shadows (D:11)
  6 wyverns
  A water elemental (Shoals:1)
  4 fire bats (D:8)
  27 yaks
  A golden eye (shapeshifter) (D:15)
  8 vampire mosquitoes
  A steam dragon (D:6)
  3 basilisks
  A minotaur simulacrum (IceCv)
  2 wargs (Orc:2)
  A harpy simulacrum (IceCv)
  5 water moccasins
  A hell hound (D:8)
  2 ice beasts
  8 black bears
  15 orc warriors
  A sky beast (D:8)
  17 wolves
  9 ogres
  9 boggarts
  23 centaurs
  3 kobold brigands
  Blork the orc (D:4)
  6 bullfrogs
  A gnoll sergeant (D:9)
  A necrophage (D:6)
  2 deep troll simulacra (IceCv)
  A scorpion (D:2)
  6 wights
  A lindwurm simulacrum (IceCv)
  5 killer bees (D:7)
  4 howler monkeys
  5 electric eels
  A crimson imp (D:10)
  3 centaur zombies (D:9)
  2 lava snakes (D:8)
  A hound (D:7)
  2 jellies
  13 orc priests
  A gnoll bouda (D:6)
  23 orc wizards
  2 killer bee zombies (D:8)
  A howler monkey zombie (D:9)
  10 adders
  11 gnolls
  A river rat (D:6)
  A white imp (D:8)
  An ufetubus (D:5)
  3 worms
  3 dart slugs
  57 orcs
  3 endoplasms
  16 giant cockroaches
  7 goblins
  4 hobgoblins
  5 jackals
  20 kobolds
  8 quokkas
  19 ball pythons
  7 bats
  9 frilled lizards
  9 rats
  A fire vortex (D:8)
602 creatures vanquished.

Vanquished Creatures (collateral kills)
  A hydra (Lair:4)
  2 two-headed ogres (D:12)
  An orc high priest (Orc:2)
  A spriggan simulacrum (IceCv)
  2 orc knights (Orc:2)
  A cyclops (D:14)
  2 orc sorcerers (Orc:2)
  A black mamba (Lair:4)
  An elephant (Lair:4)
  An unseen horror (D:12)
  A komodo dragon (Lair:3)
  A freezing wraith (IceCv)
  A polar bear (Lair:4)
  A troll (D:12)
  7 yaks
  A basilisk (Lair:4)
  A minotaur simulacrum (IceCv)
  2 orc warriors (Orc:2)
  2 ogres
  A bullfrog (Lair:4)
  An orc priest (Orc:2)
  An iguana (D:6)
  An orc wizard (Orc:2)
  A shadow imp (D:6)
  5 orcs
40 creatures vanquished.

Vanquished Creatures (others)
  3 dancing weapons
  A cane toad (Lair:4)
  An unseen horror (D:13)
  A centaur (D:6)
  A phantom (D:5)
  An orc priest (Orc:1)
  An orc wizard (Orc:2)
  2 orcs
  A fire vortex (D:8)
  13 fungi
  53 plants
78 creatures vanquished.

Grand Total: 720 creatures vanquished

Notes
Turn   | Place    | Note
-------+----------+-------------------------------------------
     0 | D:1      | ragingrage the Merfolk Chaos Knight began the quest for the
                  | Orb.
     0 | D:1      | Reached XP level 1. HP: 18/18 MP: 1/1
    46 | D:1      | Reached XP level 2. HP: 17/24 MP: 2/2
   447 | D:1      | Reached XP level 3. HP: 28/29 MP: 3/3
   477 | D:1      | Found Kyxe's Weapon Shop.
   484 | D:1      | Reached skill level 5 in Long Blades
   533 | D:1      | XOM: silly message
   574 | D:1      | XOM: god gift: wand of charming (7)
   699 | D:1      | Found Wysetrot's Antique Weapon Boutique.
   976 | D:2      | Found a hide-covered altar of Uskayaw.
  1126 | D:2      | Noticed a scorpion
  1132 | D:2      | Reached skill level 1 in Shields
  1145 | D:2      | XOM: scenery: summon butterflies
  1191 | D:2      | XOM: give mutation
  1191 | D:2      | Gained mutation: Your body sometimes deteriorates upon
                  | taking damage. [Xom's mischief]
  1234 | D:2      | XOM: god gift: encrusted gilded ring {god gift}
  1347 | D:2      | Reached XP level 4. HP: 35/35 MP: 4/4
  1380 | D:2      | Killed a scorpion
  1398 | D:2      | Reached XP level 5. HP: 41/41 MP: 5/5
  1567 | D:3      | XOM: fog
  1584 | D:3      | XOM: god gift: wand of iceblast (7)
  1639 | D:1      | Bought a runed short sword for 150 gold pieces
  1807 | D:3      | Found an opulent altar of Gozag.
  1961 | D:3      | XOM: polymorph orc -> jackal
  1978 | D:3      | Noticed Hubris850's ghost (amateur MfTm)
  1992 | D:3      | Identified the ring "Gehi" {Fly rCorr Int+5 Dex-4 Stlth+}
  2055 | D:3      | Found a runed translucent gate.
  2055 | D:3      | Found a runed translucent gate.
  2055 | D:3      | Found a runed translucent gate.
  2256 | D:3      | XOM: give mutation
  2256 | D:3      | Gained mutation: Your spells are a little harder to cast,
                  | but a little more powerful. [Xom's grace]
  2329 | D:3      | XOM: give mutations
  2329 | D:3      | Gained mutation: Your movements are slightly less
                  | encumbered by armour. (ER -2) [Xom's grace]
  2329 | D:3      | Gained mutation: You are partially covered in iridescent
                  | scales. (AC +2) [Xom's grace]
  2329 | D:3      | Gained mutation: Your system is resistant to poisons.
                  | (rPois) [Xom's grace]
  2329 | D:3      | Gained mutation: You have supernaturally acute eyesight.
                  | (SInv) [Xom's grace]
  2636 | D:4      | Found a shadowy altar of Dithmenos.
  2727 | D:4      | XOM: cloud trail
  2773 | D:4      | XOM: give mutations
  2773 | D:4      | Gained mutation: You are mostly covered in iridescent
                  | scales. (AC +4) [Xom's grace]
  2773 | D:4      | Gained mutation: You have hidden genetic potential. [Xom's
                  | grace]
  2773 | D:4      | Gained mutation: You possess an exceptional clarity of
                  | mind. [Xom's grace]
  2773 | D:4      | Gained mutation: You have great hidden genetic potential.
                  | [Xom's grace]
  2789 | D:4      | XOM: scenery: 1 doors close
  2934 | D:4      | Noticed Blork the orc
  2943 | D:4      | Killed Blork the orc
  2944 | D:4      | Reached XP level 6. HP: 47/47 MP: 6/6
  3221 | D:4      | Gained mutation: You expend magic power (3 MP) to
                  | strengthen your wands. [hidden potential]
  3521 | D:4      | XOM: god gift: scroll labelled RETUIPHICA {god gift}
  3681 | D:4      | XOM: give mutation
  3681 | D:4      | Gained mutation: Your natural rate of healing is unusually
                  | fast. [Xom's grace]
  3695 | D:5      | Entered Level 5 of the Dungeon
  3695 | D:5      | Found a stormy altar of Qazlal.
  3714 | D:5      | XOM: divine lightning
  3870 | D:5      | Noticed Sigmund
  3879 | D:5      | XOM: scenery: summon butterflies
  3889 | D:5      | XOM: scenery: summon butterflies
  3924 | D:5      | Noticed a fire elemental
  3928 | D:5      | Noticed a water elemental
  3977 | D:5      | Noticed an air elemental
  4086 | D:5      | XOM: cloud trail
  4154 | D:5      | Lost mutation: You possess an exceptional clarity of mind.
                  | [potion of mutation]
  4154 | D:5      | Lost mutation: Your body sometimes deteriorates upon taking
                  | damage. [potion of mutation]
  4154 | D:5      | Gained mutation: You possess an exceptional clarity of
                  | mind. [potion of mutation]
  4163 | D:5      | XOM: enchant monster (bad)
  4164 | D:5      | Killed Sigmund
  4165 | D:5      | Reached XP level 7. HP: 52/52 MP: 7/7
  4178 | D:5      | Gained mutation: You have a somewhat thin skeletal
                  | structure. (Dex +2, Stealth+) [hidden potential]
  4178 | D:5      | Lost mutation: You have great hidden genetic potential.
                  | [hidden potential expressed]
  4225 | D:5      | Found a transporter.
  4313 | D:5      | Found a transporter.
  4313 | D:5      | Noticed hikkokomori's ghost (novice GrEE)
  4594 | D:6      | Reached XP level 8. HP: 55/58 MP: 8/8
  4640 | D:6      | Reached skill level 10 in Long Blades
  4645 | D:6      | Gained mutation: You are agile. (Dex +4, Str/Int -1)
                  | [hidden potential]
  4723 | D:6      | Reached skill level 5 in Shields
  4748 | D:6      | XOM: blink monster(s)
  4788 | D:6      | Noticed a yak
  4789 | D:6      | Noticed a yak
  4790 | D:6      | Noticed a yak
  4791 | D:6      | Noticed a yak
  4833 | D:6      | Noticed a yak
  4834 | D:6      | Killed a yak
  4838 | D:6      | XOM: enchant monster (bad)
  4847 | D:6      | Noticed a yak
  4849 | D:6      | Killed a yak
  4857 | D:6      | Killed a yak
  4858 | D:6      | Reached XP level 9. HP: 64/64 MP: 9/9
  4874 | D:6      | Gained mutation: You passively map a small area around you.
                  | [hidden potential]
  4874 | D:6      | Lost mutation: You have hidden genetic potential. [hidden
                  | potential expressed]
  5049 | D:6      | XOM: scenery: create altars
  5106 | D:6      | XOM: cleaving
  5176 | D:6      | XOM: 1-stop teleportation journey
  5291 | D:6      | Found a glowing drain.
  5298 | Sewer    | Entered a sewer
  5493 | Sewer    | XOM: 1-stop teleportation journey
  5937 | D:7      | Found Rugudgh's Antique Armour Boutique.
  5950 | D:7      | Bought a runed leather armour for 185 gold pieces
  6018 | D:7      | Found a staircase to the Ecumenical Temple.
  6141 | D:7      | XOM: polymorph orc priest -> hound
  6144 | D:7      | XOM: 3-stop teleportation journey
  6263 | D:7      | XOM: scenery: summon butterflies
  6267 | D:7      | XOM: enchant monster (good)
  6269 | D:7      | XOM: enchant monster (good)
  6273 | D:7      | XOM: swap monsters
  6286 | D:7      | XOM: confuse monster(s)
  6495 | D:7      | XOM: give mutation
  6495 | D:7      | Gained mutation: Your mind is acute. (Int +4, Str/Dex -1)
                  | [Xom's grace]
  6513 | D:7      | Found a bloodstained altar of Trog.
  6627 | D:8      | XOM: noise
  6658 | D:8      | Noticed a two-headed ogre
  6664 | D:8      | a two-headed ogre changed into a death drake
  6664 | D:8      | Noticed a death drake
  6664 | D:8      | XOM: polymorph two-headed ogre -> death drake
  6691 | D:8      | Killed a death drake
  6692 | D:8      | Reached XP level 10. HP: 69/70 MP: 0/10
  6830 | D:8      | Found an ancient bone altar of Kikubaaqudgha.
  6838 | D:8      | XOM: summons friendly ufetubus
  6899 | D:8      | Found a staircase to the Lair.
  6982 | D:8      | Found a runed translucent gate.
  6982 | D:8      | Found a runed translucent gate.
  6982 | D:8      | Found a runed translucent gate.
  6982 | D:8      | Noticed ambi's ghost (novice HOMo)
  7016 | D:8      | Reached skill level 1 in Armour
  7048 | D:8      | Found a runed translucent gate.
  7048 | D:8      | Found a runed translucent gate.
  7048 | D:8      | Found a runed translucent gate.
  7048 | D:8      | Noticed Lobster4's ghost (novice TeAE)
  7050 | D:8      | Found a basalt altar of Yredelemnul.
  7076 | D:8      | Reached skill level 1 in Evocations
  7290 | D:8      | XOM: cleaving
  7317 | D:8      | XOM: divination: magic mapping
  7470 | D:8      | XOM: noise
  7523 | D:8      | Found the +10 dark maul {vorpal}
  7538 | D:8      | XOM: give mutations
  7538 | D:8      | Lost mutation: You have a somewhat thin skeletal structure.
                  | (Dex +2, Stealth+) [Xom's mischief]
  7538 | D:8      | Lost mutation: Your mind is acute. (Int +4, Str/Dex -1)
                  | [Xom's mischief]
  7693 | D:8      | XOM: summons 4 hostile demons
  7694 | D:8      | Noticed a sun demon
  7694 | D:8      | Noticed a smoke demon
  7834 | D:9      | XOM: enchant monster (good)
  7886 | D:9      | XOM: summons 2 hostile demons
  7887 | D:9      | Noticed an orange demon
  8018 | D:10     | Entered Level 10 of the Dungeon
  8086 | D:10     | XOM: stat loss: -1 Int (8/11)
  8095 | D:10     | Reached skill level 5 in Dodging
  8109 | D:10     | Reached skill level 5 in Fighting
  8169 | D:9      | Reached skill level 1 in Stealth
  8213 | D:9      | XOM: noise
  8218 | D:9      | XOM: noise
  8247 | D:9      | Found an iron altar of Okawaru.
  8272 | D:9      | XOM: fake destruction
  8277 | D:9      | Reached XP level 11. HP: 73/80 MP: 11/11
  8545 | D:9      | Reached skill level 2 in Stealth
  8737 | D:10     | XOM: chaos cloud
  8740 | D:10     | XOM: noise
  8758 | D:10     | XOM: 1-stop teleportation journey
  8847 | D:10     | Reached skill level 3 in Stealth
  8908 | D:10     | Found a staircase to the Orcish Mines.
  8958 | D:10     | Found a shimmering altar of Xom.
  8958 | D:10     | Found a burning altar of Makhleb.
  9008 | D:10     | Noticed Nergalle
  9037 | D:10     | XOM: give mutations
  9037 | D:10     | Lost mutation: Your spells are a little harder to cast, but
                  | a little more powerful. [Xom's mischief]
  9037 | D:10     | Lost mutation: Your movements are slightly less encumbered
                  | by armour. (ER -2) [Xom's mischief]
  9188 | D:10     | Found Xowe's Distillery.
  9220 | D:10     | Bought a potion of lignification for 45 gold pieces
  9260 | D:10     | Found a blossoming altar of Fedhas.
  9310 | D:10     | Reached skill level 4 in Stealth
  9311 | D:10     | XOM: blink monster(s)
  9656 | D:11     | XOM: swap monsters
  9740 | D:11     | Noticed a cyclops
  9749 | D:11     | Killed a cyclops
  9832 | D:11     | XOM: give mutation
  9832 | D:11     | Lost mutation: You are mostly covered in iridescent scales.
                  | (AC +4) [Xom's mischief]
  9844 | D:11     | Found a one-way gate to the infinite horrors of the Abyss.
  9844 | D:11     | Identified the +7 dagger of True Grit {distort, +Blink rF+}
  9844 | D:11     | Identified the +2 robe of the Inviting Gods {rF+ Str+3
                  | Int+2}
  9845 | D:11     | Noticed a purple ugly thing
  9901 | D:11     | Reached skill level 5 in Stealth
  9902 | D:11     | XOM: summons friendly shadow imp
  9959 | D:11     | XOM: cast spell 'Summon Cactus Giant'
 10148 | D:11     | Noticed a cyclops
 10156 | D:11     | Killed a cyclops
 10338 | D:11     | Reached skill level 6 in Stealth
 10369 | D:11     | Found a corrupted altar of Lugonu.
 10369 | D:11     | Found a large runed translucent door.
 10369 | D:11     | Found a large runed translucent door.
 10369 | D:11     | Noticed a brown ugly thing
 10369 | D:11     | Noticed a brown ugly thing
 10369 | D:11     | Noticed a white ugly thing
 10369 | D:11     | XOM: 1-stop teleportation journey
 10499 | Lair:1   | Entered Level 1 of the Lair of Beasts
 10528 | Lair:1   | XOM: silly message
 10538 | Lair:1   | Noticed an oklob plant
 10552 | Lair:1   | XOM: cast spell 'Alistair's Intoxication'
 10732 | Lair:1   | Reached skill level 10 in Shields
 10732 | Lair:1   | Reached skill level 5 in Evocations
 10782 | Lair:1   | XOM: enchant monster (bad)
 10785 | Lair:1   | XOM: summons friendly iron imp
 10790 | Lair:1   | Reached skill level 7 in Stealth
 10794 | Lair:1   | XOM: confuse monster(s)
 10805 | Lair:1   | Reached XP level 12. HP: 64/91 MP: 12/12
 11022 | Lair:1   | XOM: confuse monster(s)
 11571 | Lair:2   | Reached skill level 8 in Stealth
 11571 | Lair:2   | XOM: summons 2 friendly demons
 11626 | Lair:2   | Noticed a catoblepas
 11646 | Lair:2   | Killed a catoblepas
 11828 | Lair:2   | Found a staircase to the Shoals.
 11842 | Lair:2   | Reached skill level 9 in Stealth
 12091 | Lair:2   | XOM: 4-stop teleportation journey
 12200 | Lair:2   | XOM is BORED!
 12465 | Lair:3   | XOM: cast spell 'Call Canine Familiar'
 12481 | Lair:3   | XOM: potion effect (curing)
 12500 | Lair:3   | XOM: cast spell 'Summon Cactus Giant'
 12552 | Lair:3   | Identified the +6 spear of Omyfarr {vorpal, Int+4 Dex+2}
 12577 | Lair:3   | Found a hole to the Spider Nest.
 13011 | Lair:4   | Noticed a death yak
 13011 | Lair:4   | Noticed a death yak
 13011 | Lair:4   | Noticed a death yak
 13011 | Lair:4   | Noticed a death yak
 13012 | Lair:4   | Noticed a death yak
 13025 | Lair:3   | XOM: smoke on damage
 13027 | Lair:3   | Killed a death yak
 13028 | Lair:3   | Reached skill level 10 in Stealth
 13051 | Lair:4   | XOM: give mutations
 13051 | Lair:4   | Gained mutation: You have a pair of small antennae on your
                  | head. [Xom's mischief]
 13051 | Lair:4   | Gained mutation: You have hidden genetic defects. [Xom's
                  | mischief]
 13051 | Lair:4   | Lost mutation: You are partially covered in iridescent
                  | scales. (AC +2) [Xom's mischief]
 13064 | Lair:4   | Noticed a seven-headed hydra
 13128 | Lair:4   | Noticed a five-headed hydra
 13177 | Lair:4   | XOM: summons 7 hostile demons
 13204 | Lair:3   | XOM: destruction
 13226 | Lair:3   | Killed a death yak
 13234 | Lair:3   | XOM: enchant monster (good)
 13244 | Lair:3   | Killed a death yak
 13247 | Lair:3   | XOM: noise
 13252 | Lair:3   | XOM: confuse monster(s)
 13257 | Lair:3   | Killed a death yak
 13259 | Lair:3   | XOM: summons friendly quasit
 13267 | Lair:3   | Killed a death yak
 13268 | Lair:3   | Reached XP level 13. HP: 43/99 MP: 13/13
 13294 | Lair:3   | Gained mutation: You occasionally lose the ability to drink
                  | potions when taking damage. [hidden defects]
 13400 | Lair:4   | XOM: cleaving
 13412 | Lair:4   | XOM: enchant monster (good)
 13455 | Lair:3   | Reached skill level 10 in Dodging
 13463 | Lair:4   | XOM: scenery: 1 doors open
 13465 | Lair:4   | XOM: summons friendly shadow imp
 13472 | Lair:4   | Reached skill level 11 in Stealth
 13472 | Lair:4   | XOM: confuse monster(s)
 13753 | Lair:4   | XOM: cast spell 'Leda's Liquefaction'
 13754 | Lair:4   | XOM: divination: detect items
 13761 | Lair:4   | XOM: fog
 13763 | Lair:4   | XOM: confuse monster(s)
 13803 | Lair:4   | XOM: summons friendly ufetubus
 13897 | Lair:4   | Found a radiant altar of Vehumet.
 13917 | Lair:4   | XOM: cast spell 'Summon Mana Viper'
 14171 | Lair:5   | Entered Level 5 of the Lair of Beasts
 14203 | Lair:5   | XOM: enchant monster (good)
 14237 | Lair:5   | Gained mutation: You are vulnerable to cold. (rC-) [hidden
                  | defects]
 14237 | Lair:5   | Lost mutation: You have hidden genetic defects. [hidden
                  | defects expressed]
 14284 | Lair:5   | Found a staircase to the Slime Pits.
 14363 | Lair:5   | Reached skill level 12 in Stealth
 14507 | Lair:5   | XOM: summons friendly iron imp
 14519 | Lair:5   | XOM: noise
 14527 | Lair:5   | XOM: silly message
 14544 | Lair:5   | XOM: confuse monster(s)
 14561 | Lair:5   | XOM: divination: magic mapping
 14646 | Lair:5   | XOM: potion effect (heal wounds)
 14652 | Lair:5   | XOM: potion effect (brilliance)
 14672 | Lair:5   | Paralysed by a hornet for 2 turns
 14792 | Lair:5   | Reached skill level 10 in Fighting
 14864 | Lair:5   | XOM: enchant monster (bad)
 14883 | Lair:5   | XOM: enchant monster (bad)
 14960 | Lair:5   | Reached skill level 13 in Stealth
 15075 | Lair:5   | XOM: silly message
 15081 | Lair:5   | XOM: scenery: create altars
 15107 | Lair:4   | XOM: summons 2 friendly demons
 15110 | Lair:4   | XOM: polymorph wolf -> ogre
 15275 | Lair:4   | XOM: stat loss: -1 Str (11/12)
 15403 | Lair:5   | XOM: give mutations
 15403 | Lair:5   | Lost mutation: You passively map a small area around you.
                  | [Xom's mischief]
 15403 | Lair:5   | Lost mutation: You possess an exceptional clarity of mind.
                  | [Xom's mischief]
 15403 | Lair:5   | Gained mutation: Your flesh is heat resistant. (rF+) [Xom's
                  | mischief]
 15762 | Lair:4   | XOM: draining
 15766 | Lair:4   | XOM: summons 3 friendly demons
 15780 | Lair:4   | Reached XP level 14. HP: 72/106 MP: 14/14
 16057 | Orc:1    | Entered Level 1 of the Orcish Mines
 16057 | Orc:1    | Noticed Jorgrun
 16114 | Orc:1    | XOM: enchant monster (good)
 16125 | Orc:1    | XOM: chaos upgrade
 16139 | D:10     | XOM: repel stairs
 16141 | D:10     | XOM: enchant monster (good)
 16144 | D:10     | Killed Jorgrun
 16145 | D:10     | Reached skill level 14 in Stealth
 16224 | Orc:1    | XOM: fog
 16252 | Orc:1    | Noticed Urug
 16417 | Orc:1    | Killed Urug
 16478 | Orc:1    | Found a transporter.
 16483 | Orc:1    | Noticed an orc warlord
 16704 | Orc:1    | XOM: chaos upgrade
 16913 | Orc:1    | Noticed a cacodemon
 17073 | Orc:1    | XOM: noise
 17247 | Orc:1    | XOM: give mutations
 17247 | Orc:1    | Gained mutation: Your body sometimes deteriorates upon
                  | taking damage. [Xom's mischief]
 17247 | Orc:1    | Lost mutation: You have supernaturally acute eyesight.
                  | (SInv) [Xom's mischief]
 17247 | Orc:1    | Lost mutation: You are agile. (Dex +4, Str/Int -1) [Xom's
                  | mischief]
 17315 | Orc:1    | Found a transporter.
 17315 | Orc:1    | XOM: summons 1 hostile shadow creature
 17357 | Orc:1    | XOM: summons 4 hostile shadow creatures
 17429 | Orc:1    | Noticed Chaicat's ghost (journeyman GnFi)
 17443 | Orc:2    | Entered Level 2 of the Orcish Mines
 17635 | Orc:2    | Found a staircase to the Elven Halls.
 17760 | Orc:2    | XOM: polymorph ogre -> wolf
 17772 | Orc:2    | XOM: butterfly on damage
 17862 | Orc:2    | Found a bloodstained altar of Trog.
 17923 | Orc:2    | XOM: confusion
 18121 | Orc:2    | XOM: butterfly on damage
 18150 | Orc:2    | XOM: stat loss: -1 Dex (15/17)
 18157 | Orc:2    | XOM: confuse monster(s)
 18160 | Orc:2    | XOM: god gift: 2 scrolls of poison
 18161 | Orc:2    | XOM: divination: magic mapping
 18164 | Orc:2    | XOM: cast spell 'Summon Ice Beast'
 18254 | Orc:1    | XOM: scenery: create altars
 18499 | Orc:2    | XOM: scenery: create altars
 18591 | Orc:2    | XOM: confusion
 18842 | Orc:2    | XOM: confusion
 18853 | Orc:2    | XOM: confuse monster(s)
 18864 | Orc:2    | XOM: cloud trail
 19018 | Orc:2    | Found Zazovihu's Magic Scroll Shoppe.
 19018 | Orc:2    | Found Caomp's Antique Weapon Shop.
 19030 | Orc:2    | Found Uzxuipuvi's Distillery.
 19030 | Orc:2    | Found Yxtotit's Weapon Shop.
 19036 | Orc:2    | Bought a scroll of blinking for 75 gold pieces
 19036 | Orc:2    | Bought a scroll of teleportation for 30 gold pieces
 19042 | Orc:2    | Bought a glowing sling for 121 gold pieces
 19043 | Orc:2    | XOM: god gift: 2 potions of curing
 19143 | D:11     | XOM: give mutations
 19143 | D:11     | Gained mutation: You are weak. (Str -2) [Xom's mischief]
 19143 | D:11     | Gained mutation: You are frail. (-10% HP) [Xom's mischief]
 19143 | D:11     | Lost mutation: Your flesh is heat resistant. (rF+) [Xom's
                  | mischief]
 19169 | D:11     | XOM: polymorph red ugly thing -> white ugly thing
 19297 | D:11     | XOM: scenery: summon butterflies
 19308 | D:11     | XOM: polymorph kobold demonologist -> water moccasin
 19325 | D:11     | XOM: smoke on damage
 19368 | D:11     | XOM: smoke on damage
 19438 | D:11     | XOM: fog
 19520 | D:11     | Found a sacrificial altar of Ru.
 19635 | D:12     | Noticed Nessos
 19641 | D:12     | Nessos changed into Nessos the manticore
 19641 | D:12     | Noticed Nessos
 19655 | D:12     | Killed Nessos the manticore
 19656 | D:12     | Reached skill level 15 in Stealth
 19767 | D:12     | XOM: summons friendly iron imp
 19768 | D:12     | XOM: enchant monster (bad)
 19770 | D:12     | XOM: confuse monster(s)
 19925 | D:12     | XOM: silly message
 20278 | D:12     | XOM: give mutations
 20278 | D:12     | Gained mutation: You passively map a small area around you.
                  | [Xom's grace]
 20278 | D:12     | Gained mutation: You are agile. (Dex +4, Str/Int -1) [Xom's
                  | grace]
 20278 | D:12     | Gained mutation: You are resistant to electric shocks.
                  | (rElec) [Xom's grace]
 20278 | D:12     | Gained mutation: You have hidden genetic potential. [Xom's
                  | grace]
 20528 | D:13     | XOM: confusion (+ monsters)
 20532 | D:13     | XOM: divination: magic mapping
 20581 | D:13     | XOM: confusion (+ monsters)
 20619 | D:13     | XOM: 2-stop teleportation journey
 20623 | D:13     | XOM: scenery: 1 doors open
 20698 | D:13     | Reached XP level 15. HP: 108/108 MP: 15/15
 20766 | D:13     | Found a gate to the Vaults.
 20777 | D:13     | XOM: silly message
 20882 | D:13     | XOM: silly message
 20976 | D:13     | XOM: summons 3 friendly demons
 21000 | D:13     | XOM: divination: magic mapping
 21111 | D:13     | Reached skill level 10 in Evocations
 21119 | D:13     | XOM: enchant monster (bad)
 21131 | D:13     | XOM: divination: detect items
 21133 | D:13     | XOM: potion effect (berserk rage)
 21242 | D:13     | XOM: confusion (+ monsters)
 21476 | D:13     | XOM: noise
 21667 | D:13     | XOM: confusion (+ monsters)
 21836 | D:13     | XOM: butterfly on damage
 21836 | D:13     | XOM: smoke on damage
 21935 | D:13     | Noticed a sphinx
 21935 | D:13     | Noticed a storm dragon
 22044 | D:14     | XOM: enchant monster (good)
 22070 | D:14     | Reached skill level 5 in Armour
 22084 | D:14     | XOM: silly message
 22120 | D:14     | XOM: give mutations
 22120 | D:14     | Gained mutation: You are partially covered in iridescent
                  | scales. (AC +2) [Xom's grace]
 22120 | D:14     | Lost mutation: You have hidden genetic potential. [Xom's
                  | grace]
 22120 | D:14     | Gained mutation: You are somewhat resistant to further
                  | mutation. [Xom's grace]
 22123 | D:14     | Noticed Agnes
 22123 | D:14     | XOM: smoke on damage
 22133 | D:14     | Killed Agnes
 22258 | D:14     | Found a runed translucent door.
 22260 | D:14     | Noticed Yxemm's ghost (journeyman TeCj)
 22601 | D:14     | XOM: scenery: summon butterflies
 22634 | D:14     | Identified the +0 robe of Conscience {rElec rF+ Stlth-}
                  | (Xom gifted it to you on level 14 of the Dungeon)
 22634 | D:14     | XOM: god gift: +0 robe of Conscience {rElec rF+ Stlth-}
 22706 | D:15     | Entered Level 15 of the Dungeon
 22792 | D:14     | XOM: give mutations
 22792 | D:14     | Lost mutation: You are frail. (-10% HP) [Xom's mischief]
 22792 | D:14     | Lost mutation: Your system is resistant to poisons. (rPois)
                  | [Xom's mischief]
 22792 | D:14     | Lost mutation: You are agile. (Dex +4, Str/Int -1) [Xom's
                  | mischief]
 22957 | D:15     | XOM: confusion (+ monsters)
 22966 | D:15     | XOM: enchant monster (good)
 22997 | D:15     | Paralysed by an orc sorcerer for 3 turns
 23001 | D:15     | XOM: blink monster(s)
 23266 | D:14     | XOM: enchant monster (bad)
 23374 | D:15     | Found a portal to a secret trove of treasure.
 23389 | D:15     | XOM: enchant monster (bad)
 23467 | D:15     | XOM: 1-stop teleportation journey
 23477 | D:15     | XOM: enchant monster (good)
 23488 | D:15     | XOM: god gift: phial of floods
 23691 | D:15     | XOM: potion effect (brilliance)
 23774 | D:15     | XOM: give mutations
 23774 | D:15     | Lost mutation: You are vulnerable to cold. (rC-) [Xom's
                  | grace]
 23774 | D:15     | Gained mutation: Your flesh is cold resistant. (rC+) [Xom's
                  | grace]
 23774 | D:15     | Gained mutation: A frigid envelope surrounds you and
                  | freezes all who hurt you. [Xom's grace]
 23809 | D:15     | XOM: fog
 23810 | D:15     | XOM: scenery: 1 doors close
 23811 | D:15     | XOM: swap monsters
 24097 | D:15     | XOM: swap monsters
 24149 | D:15     | XOM: confusion
 24153 | D:15     | XOM: summons 8 friendly demons
 24274 | D:13     | XOM: summons 1 hostile demon
 24332 | D:11     | XOM: scenery: create altars
 24433 | Shoals:1 | Entered Level 1 of the Shoals
 24444 | Shoals:1 | Noticed a kraken
 24458 | Shoals:1 | Found a frozen archway.
 24472 | Shoals:1 | XOM: fog
 24528 | IceCv    | Entered an ice cave
 24553 | IceCv    | XOM: summons friendly shadow imp
 24603 | IceCv    | XOM: summons 4 friendly demons
 24739 | IceCv    | Noticed an Ice Fiend
 24752 | IceCv    | XOM: cleaving
 24901 | Shoals:1 | XOM: potion effect (brilliance)
 25176 | Shoals:1 | Slain by an alligator snapping turtle

Illustrated notes

Levels and vault maps discovered:
D:1:      saegor_arrival_fortress, layout_basic, serial_shops,
          nicolae_shop_bloodbath_and_beyond, shop_fountains
D:2:      layout_loops_ring, basic_altar
D:3:      layout_loops_ring, nicolae_gozag_seed_capital, gammafunk_ghost_icy,
          minmay_ruptured
D:4:      layout_basic, lemuel_round_altar, uniq_blork_the_orc
D:5:      layout_cave_pods, nicolae_qazlal_style_of_elements,
          gammafunk_ghost_arena, serial_glass, glass_columns_a, glass_columns_a,
          uniq_sigmund
D:6:      layout_loops_ring, portal_sewer_entry_e, minmay_manual_mess
D:7:      layout_rooms, mainiacjoe_overflow_brackets, minmay_temple_entry_grid,
          serial_shops, shop
D:8:      layout_basic, kiku_gazebo_pond_becter,
          nicolae_yredelemnul_ghost_church, lair_entry_dummy,
          ebering_ghost_rock_garden, minmay_misc_feat_iff, hangedman_incinerator
D:9:      layout_irregular_city, okawaru_trees_1, serial_undead,
          serial_undead_e, serial_undead_c, serial_undead_f, serial_undead_f,
          serial_undead_a
D:10:     layout_irregular_city, grunt_temple_overflow_champion_of_chaos,
          lemuel_tele_altar, orc_0_dummy, serial_shops, nicolae_shop_waterfront,
          chequers_serial_rivers_micro_a, uniq_nergalle
D:11:     due_chaos_kobolds, layout_loops_ring, nicolae_ru_the_path_less_chosen
D:12:     layout_loops_cross, uniq_nessos
D:13:     minmay_diamond_stairs, layout_basic, erik_vaults_2
D:14:     layout_irregular_city, minmay_misc_feat_secret_circle,
          ebering_ghost_inner_flame, uniq_agnes
D:15:     grunt_enter_depths_magical_seal, layout_stronghold, enter_trove_1
Lair:1:   layout_loops_ring, chequers_serial_rivers_micro_d,
          serial_bayou_lake_a, grunt_megastairs_4
Lair:2:   layout_regular_city, elwin_shoals_entry_rooms,
          cheibrodos_lair_reptile_den
Lair:3:   layout_gridlike, dummy_spider_entry, serial_bayou_ford_a
Lair:4:   layout_cave_shapes, basic_altar, grunt_forest_stairs_clearing,
          grunt_megastairs_2, serial_bayou_shore_b, serial_bayou_shore_b,
          serial_bayou_shore_b
Lair:5:   minmay_lair_end_enchanted_forest, layout_cellular_growth,
          slime_entry_1
Shoals:1: layout_shoals, portal_ice_cave_entry_pillars_2
Orc:1:    cheibrodos_orc_arena, layout_caves, gammafunk_ghost_abyssal_escape,
          uniq_jorgrun, uniq_urug
Orc:2:    grunt_orc_tribal_feast, layout_diamond_mine, lemuel_statue_altar

Skill      XL: |  1  2  3  4  5  6  7  8  9 10 11 12 13 14 15 |
---------------+----------------------------------------------+-----
Long Blades    | 4 5 6 7 8 9 11 14 | 14.0
Shields        | 1 2 3 4 6 8 9 10 11 12 13 | 13.5
Armour         | 2 3 4 5 |  5.8
Dodging        | 5 7 9 10 11 12 | 12.9
Evocations     | 3 5 7 8 9 11 | 11.0
Fighting       | 5 7 8 10 12 13 | 13.5
Stealth        | 1 7 10 13 15 | 15.0

Action                   |  1- 3 |  4- 6 |  7- 9 | 10-12 | 13-15 || total
-------------------------+-------+-------+-------+-------+-------++-------
Melee: Falchion          |   118 |   131 |       |       |       ||   249
       Long sword        |       |     7 |   365 |   139 |       ||   511
       Tailslap          |       |       |    12 |     5 |    19 ||    36
       Scimitar          |       |       |       |   533 |  1471 ||  2004
       Trident           |       |       |       |       |    17 ||    17
       Short sword       |       |       |       |       |    28 ||    28
 Fire: Shortbow          |       |       |       |   101 |       ||   101
       Sling             |       |       |       |       |     1 ||     1
Throw: Dart              |       |       |       |       |     9 ||     9
       Throwing net      |       |       |       |       |     3 ||     3
Evoke: Piece from Xom's  |     4 |     7 |     5 |     4 |     8 ||    28
       Wand              |       |       |    10 |       |    15 ||    25
       Lightning rod     |       |       |       |       |     1 ||     1
  Use: Potion            |       |     5 |     1 |     5 |     3 ||    14
       Scroll            |       |     1 |     4 |    21 |     6 ||    32
 Stab: Petrified         |       |     3 |     1 |       |       ||     4
       Paralysed         |       |     4 |     1 |     3 |     6 ||    14
       Sleeping          |       |     1 |     6 |    16 |    31 ||    54
       Invisible         |       |     1 |     2 |       |     2 ||     5
       Distracted        |       |       |     1 |     2 |    10 ||    13
       Confused          |       |       |     2 |     2 |    12 ||    16
       Petrifying        |       |       |       |     1 |     2 ||     3
Armor: Leather armour    |    52 |    44 |   120 |   123 |   128 ||   467
       Skin              |       |       |       |    16 |     1 ||    17
       Robe              |       |       |       |       |    59 ||    59
       Scale mail        |       |       |       |       |   250 ||   250
Dodge: Dodged            |    62 |    52 |   161 |   271 |   844 ||  1390
Block: Kite shield       |    34 |    57 |   197 |   329 |  1056 ||  1673

Table legend: (Time is in decaauts)
 A = Elapsed time spent in this place.
 B = Non-inter-level travel time spent in this place.
 C = Inter-level travel time spent in this place.
 D = Time resting spent in this place.
 E = Time spent auto-exploring this place.
 F = Levels seen in this place.
 G = Mean time per level.
                   A        B        C        D        E       F      G
               +--------+--------+--------+--------+--------+-----+--------+
         Total |  24666 |  22277 |   2389 |   2309 |  12799 |  25 |  986.6 |
       Dungeon |  15672 |  13962 |   1710 |   1289 |   8461 |  15 | 1044.8 |
          Lair |   5372 |   4799 |    573 |    291 |   3041 |   5 | 1074.4 |
        Shoals |    303 |    303 |      0 |     28 |    103 |   1 |  303.0 |
  Orcish Mines |   2743 |   2639 |    104 |    595 |   1098 |   2 | 1371.5 |
         Sewer |    238 |    238 |      0 |      0 |     79 |   1 |  238.0 |
      Ice Cave |    334 |    334 |      0 |    106 |     16 |   1 |  334.0 |
               +--------+--------+--------+--------+--------+-----+--------+

Top non-repeatable levels by time:
    D:11: 1445 daAuts
   Orc:2: 1374 daAuts
   Orc:1: 1369 daAuts
    D:13: 1341 daAuts
  Lair:5: 1286 daAuts
     D:4: 1256 daAuts
    D:15: 1245 daAuts
     D:8: 1204 daAuts
    D:10: 1168 daAuts
    D:14: 1117 daAuts
  Lair:4: 1116 daAuts
  Lair:3: 1081 daAuts
     D:6: 1074 daAuts
  Lair:1: 963 daAuts
  Lair:2: 924 daAuts
